AoeStats
← Vanilla

Arabia

510534721Analyzed
1v1 RM · 13h ago on Oct 1, 2026· 23m 17s· 2 players
Game mode
Random Map
Map size
Tiny (2 player)
Population
200
Speed
Normal
Resources
Standard
Victory
Conquest
Starting age
Dark Age
Ending age
Imperial Age
RankedLock teamsTeams togetherTeam positionsShared explorationLock speedFull tech treeHidden civsTurbo modeCheats
Victory
Defeat
🇨🇱 Khmer · Chile
1114
+15
🇨🇳 Bengalis · China
1095
-15
Vanilla
10:23 Feudal Age
15:23 Castle Age
14:01 Double-Bit Axe
15:38 Loom
15:47 Horse Collar
22:01 Fletching
NPG | CanuTo SionisTa
7:10 Loom
9:14 Feudal Age
9:53 Double-Bit Axe
15:56 Gold Mining
20:02 Castle Age
19:45 Horse Collar
20:55 Scale Barding Armor
21:02 Bloodlines
20:54 Husbandry
22:34 Chain Barding Armor
Connection lost

Rejoining the realm…

Still unreachable

The connection could not be restored.

Session expired

The server has moved on; the page needs a fresh start.